 Dungeon Crawl Stone Soup version 0.24.0-37-gcf1ca852f1 (webtiles) character file.

Game seed: 4608551409706913324, levelgen mode: deterministic

507 Ereth the Ruffian (level 6, -11/61 HPs)
             Began as a Troll Fighter on Nov 22, 2019.
             Was a Follower of Okawaru.
             Mangled by Prince Ribbit (14 damage)
             ... on level 5 of the Dungeon.
             The game lasted 00:08:44 (3156 turns).

Ereth the Ruffian (Troll Fighter)                   Turns: 3156, Time: 00:08:44

Health: -11/61     AC:  6    Str: 26    XL:     6   Next: 97%
Magic:  5/5        EV: 10    Int:  4    God:    Okawaru [*.....]
Gold:   158        SH:  9    Dex: 13    Spells: 5/5 levels left

rFire    . . .     SeeInvis .     - Unarmed
rCold    . . .     Gourm    +   b - +0 shield
rNeg     . . .     Faith    .   a - +0 robe
rPois    +         Spirit   .   (helmet restricted)
rElec    .         Reflect  .   (no cloak)
rCorr    .         Harm     .   (gloves unavailable)
MR       .....                  (boots unavailable)
Stlth    +.........             g - amulet of rage
HPRegen  0.60/turn              u - ring of poison resistance
MPRegen  0.09/turn              n - +3 ring of dexterity

@: no status effects
A: large, unfitting armour, claws 3, fast metabolism 3, gourmand, regeneration
1, shaggy fur 1, tough skin 3
a: Heroism, Renounce Religion, Evoke Berserk Rage


You were on level 5 of the Dungeon.
You worshipped Okawaru.
Okawaru was aware of your devotion.
You were completely stuffed.

You visited 2 branches of the dungeon, and saw 6 of its levels.

You collected 158 gold pieces.

Inventory:

Missiles
 s - 3 throwing nets (quivered)
Armour
 a - a +0 robe (worn)
 b - a +0 shield (worn)
 t - the +1 buckler of Awe {Int+4 Stlth-, unknown}
   (You found it on level 4 of the Dungeon)

   It affects your intelligence (+4).
   It makes you less stealthy.
Jewellery
 g - an amulet of rage (around neck)
 i - an uncursed ring of positive energy
 l - an uncursed ring of see invisible
 n - a +3 ring of dexterity (right claw)
 u - a ring of poison resistance (left claw)
Wands
 w - a wand of digging (6)
Scrolls
 f - a scroll of amnesia {unknown}
 m - 2 scrolls of teleportation {unknown}
 o - a scroll of enchant armour {unknown}
 p - a scroll of noise {unknown}
 r - a scroll of immolation {unknown}
Potions
 c - a potion of might
 e - 3 potions of flight
 j - a potion of haste
 k - 2 potions of brilliance
 q - a potion of degeneration
 v - a potion of curing
 z - a potion of lignification {unknown}
Comestibles
 d - 7 rations


   Skills:
 + Level 3.0 Fighting
 + Level 4.3 Dodging
 + Level 0.1 Stealth
 + Level 3.6 Shields
 + Level 4.7 Unarmed Combat


You had 5 spell levels left.
You didn't know any spells.
Your spell library contained the following spells:

 Spells                   Type           Power        Failure   Level  Hunger
 Beastly Appendage        Tmut           #.....       88%         1    ##.....
 Sticks to Snakes         Tmut           #.......     95%         2    ###....
 Spider Form              Tmut/Pois      #.........   99%         3    ####...
 Ice Form                 Ice/Tmut       #.......     100%        4    #####..
 Blade Hands              Tmut           #.........   100%        5    ######.


Dungeon Overview and Level Annotations

Branches:
Dungeon (5/15)             Temple (1/1) D:4

Altars:
Ashenzari
Cheibriados
Dithmenos
Elyvilon
Fedhas
Gozag
Hepliaklqana
Kikubaaqudgha
Nemelex Xobeh
Okawaru
Qazlal
Ru
Sif Muna
Trog
Uskayaw
Vehumet
Xom
Yredelemnul
Zin
The Shining One

Annotations:
D:5 Prince Ribbit


Innate Abilities, Weirdness & Mutations

You are too large for most types of armour.
You have claws for hands.
Your metabolism is lightning-fast.
You like to eat raw meat.
Your natural rate of healing is unusually fast.
You are covered in fur. (AC +1)
You have extremely tough skin. (AC +3)


Message History

The hound barks!
You claw Prince Ribbit!
Prince Ribbit is heavily wounded.
You hear a bark!
Prince Ribbit hits you.
You barely miss Prince Ribbit.
Prince Ribbit is heavily wounded.
Prince Ribbit blinks!
Prince Ribbit closely misses you. Prince Ribbit hits you!
* * * LOW HITPOINT WARNING * * *
Prince Ribbit hits you.
* * * LOW HITPOINT WARNING * * *
There is a stone staircase leading up here.
You miss Prince Ribbit.
Prince Ribbit is heavily wounded.
You block the hound's attack.
Prince Ribbit says, "You're just another fly to me."
Prince Ribbit hits you!
You die...

...###.......#
.....#...$$..#
#..........#
.##.........##
............#
.....#......##
...##....#...##
##.#..hF......#
#....@........
#.............
##............
##..........#
##...#....##
###.#.####
#.#.. .. .#


You could see Prince Ribbit and a hound.

Vanquished Creatures
  An ice beast (D:5)
  A phantom (D:4)
  A scorpion (D:5)
  An iguana (D:4)
  3 worker ants
  A hound skeleton (D:4)
  5 gnolls
  5 adders
  An ooze (D:3)
  3 worms
  A dart slug (D:1)
  3 leopard geckos
  An orc (D:3)
  7 bats
  A giant cockroach (D:2)
  5 goblins
  7 hobgoblins
  5 jackals (D:2)
  3 quokkas
  A frilled lizard (D:2)
  5 kobolds
  7 rats
68 creatures vanquished.

Notes
Turn   | Place    | Note
-------+----------+-------------------------------------------
     0 | D:1      | Ereth the Troll Fighter began the quest for the Orb.
     0 | D:1      | Reached XP level 1. HP: 22/22 MP: 0/0
   198 | D:1      | Reached XP level 2. HP: 28/29 MP: 1/1
   819 | D:2      | Reached XP level 3. HP: 36/36 MP: 2/2
  1078 | D:2      | Found a hazy altar of Hepliaklqana.
  1318 | D:2      | Reached XP level 4. HP: 42/44 MP: 3/3
  1645 | D:3      | Found a blossoming altar of Fedhas.
  2292 | D:4      | Found a staircase to the Ecumenical Temple.
  2302 | D:4      | Reached XP level 5. HP: 38/52 MP: 4/4
  2312 | Temple   | Entered the Ecumenical Temple
  2570 | Temple   | Became a worshipper of Warmaster Okawaru
  2676 | D:4      | Noticed a phantom
  2688 | D:4      | Got an ichor-stained buckler
  2748 | D:4      | Killed a phantom
  2748 | D:4      | Reached XP level 6. HP: 52/59 MP: 5/5
  2761 | D:4      | Found a white marble altar of Elyvilon.
  3127 | D:5      | Entered Level 5 of the Dungeon
  3131 | D:5      | Noticed an ice beast
  3132 | D:5      | Noticed Prince Ribbit
  3144 | D:5      | Killed an ice beast
  3144 | D:5      | Reached * piety under Okawaru
  3155 | D:5      | HP: 2/61 [Prince Ribbit (6)]
  3156 | D:5      | Mangled by Prince Ribbit

Levels and vault maps discovered:
D:1:      dpeg_arrival_round_c, layout_basic, serial_rivers,
          chequers_serial_rivers_micro_c, chequers_serial_rivers_micro_c,
          chequers_serial_rivers_micro_d, chequers_serial_rivers_marsh,
          columned_hall_lemuel
D:2:      layout_basic, overflow_temple_1_default, kennysheep_generic_room_12
D:3:      layout_loops_ring, nicolae_overflow_crystal_walls, first_ration
D:4:      layout_cave_pools, minmay_temple_entry_sparse_star,
          minmay_ruined_shrine
D:5:      layout_rooms, uniq_menkaure, uniq_grinder, uniq_prince_ribbit1,
          uniq_sigmund
Temple:   hc_temple_tempest_star

Skill      XL: |  1  2  3  4  5  6 |
---------------+-------------------+-----
Dodging        | 3 4 |  4.3
Shields        | 3 |  3.6
Unarmed Combat | 4 |  4.7
Fighting       | 3 |  3.0
Stealth        | |  0.1

Action                   |  1- 3 |  4- 6 || total
-------------------------+-------+-------++-------
Melee: Unarmed           |    96 |   151 ||   247
  Use: Scroll            |       |     5 ||     5
  Eat: Chunk             |    17 |    18 ||    35
Armor: Robe              |    40 |    40 ||    80
Dodge: Dodged            |    35 |    30 ||    65
Block: Shield            |    40 |    60 ||   100
